 Dungeon Crawl Stone Soup version 0.21-a0-434-g806c6c2 (webtiles) character file.

772 theclanless the Sneak (level 7, -4/35 HPs)
             Began as a Vine Stalker Enchanter on Nov 8, 2017.
             Slain by Duvessa
             ... wielding a +1 rapier of venom
              (9 damage)
             ... on level 5 of the Dungeon.
             The game lasted 00:14:55 (2980 turns).

theclanless the Sneak (Vine Stalker Enchanter)      Turns: 2980, Time: 00:14:55

Health: -4/35      AC:  4    Str: 13    XL:     7   Next: 83%
Magic:  0/13       EV: 13    Int: 15    God:
Gold:   197        SH:  0    Dex: 14    Spells: 2/13 levels left

rFire    . . .     SeeInvis .   a - +1 dagger (venom)
rCold    . . .     Gourm    .   (no shield)
rNeg     + . .     Faith    .   A - +0 robe (curse)
rPois    .         Spirit   +   i - +0 helmet of Fashionability {rN+ rCorr}
rElec    .         Reflect  .   e - scarf {repulsion}
rCorr    +         Harm     .   s - +0 pair of gloves
MR       .....                  (no boots)
Stlth    +++.......             o - amulet of inaccuracy (curse)
HPRegen  0.51/turn              (no ring)
MPRegen  0.13/turn              (no ring)

@: lethally poisoned (-4 -> -4), very slightly contaminated, repel missiles
A: fangs 2, regeneration 1, magic shield, antimagic bite, no potion heal 3, rot
immunity
a: no special abilities


You were on level 5 of the Dungeon.
You were hungry.

You visited 1 branch of the dungeon, and saw 5 of its levels.

You collected 197 gold pieces.

Inventory:

Hand Weapons
 a - a +1 dagger of venom (weapon)
 f - a +1 hunting sling of freezing
 h - a +2 dagger
Missiles
 k - 8 javelins (quivered)
 p - 76 stones
 x - 2 tomahawks
Armour
 b - a +1 robe
 e - a scarf of repulsion (worn)
 i - the +0 helmet of Fashionability (worn) {rN+ rCorr}
   (You took it off Robin on level 2 of the Dungeon)

   It protects you from negative energy.
   It protects you from acid and corrosion.
 j - a +0 scale mail
 s - a +0 pair of gloves (worn)
 A - a cursed +0 robe (worn)
Jewellery
 o - a cursed amulet of inaccuracy (around neck)
Potions
 g - a potion of haste
 l - a potion of brilliance {unknown}
 q - a potion of might {unknown}
 r - 3 potions of mutation {unknown}
 t - a potion of flight
 u - a potion of lignification {unknown}
 z - a potion of curing {unknown}
Books
 c - a book of Maledictions

   Spells                             Type                      Level
   a - Corona                         Hexes                        1
   b - Ensorcelled Hibernation        Hexes/Ice                    2
   c - Confuse                        Hexes                        3
   d - Tukima's Dance                 Hexes                        3
   e - Dazzling Spray                 Conjuration/Hexes            3
Comestibles
 d - 5 bread rations
 n - 2 royal jellies
 v - 2 meat rations


   Skills:
 + Level 2.5 Fighting
 * Level 4.1 Short Blades
 + Level 3.0 Dodging
 + Level 5.4 Stealth
 + Level 3.8 Spellcasting
 + Level 4.2 Hexes


You had 2 spell levels left.
You knew the following spells:

 Your Spells              Type           Power        Failure   Level  Hunger
a - Ensorcelled Hibernat  Hex/Ice        #.....       12%         2    ##.....
b - Tukima's Dance        Hex            ###.....     10%         3    ###....
c - Confuse               Hex            ###.....     10%         3    ###....
z - Dazzling Spray        Conj/Hex       #.....       22%         3    ###....


Dungeon Overview and Level Annotations

Branches:
Dungeon (5/15)
 Temple: D:4-7

Altars:
Sif Muna

Annotations:
D:5 Dowan, Duvessa


Innate Abilities, Weirdness & Mutations

You have extremely sharp teeth.
Your natural rate of healing is unusually fast.
When hurt, damage is shared between your health and your magic reserves.
Your bite disrupts and absorbs the magic of your enemies.
Potions cannot restore your health.
You are immune to rotting.


Message History

Unknown command.
You miss the orc priest.
The orc priest is heavily wounded.
You hit the orc priest.
The orc priest is severely wounded.
The orc priest hits you with a mace.
* * * LOW HITPOINT WARNING * * *
You closely miss the orc priest.
The orc priest is almost dead.
You feel sick.
You kill the orc priest!
Casting: Confuse
Confirm with . or Enter, or press ? or * to list all spells.
Aiming: Dazzling Spray
Press: ? - help, Shift-Dir - straight line, f - orc
Aim: an orc The spray of energy hits the orc.
You kill the orc!
The spray of energy hits something.
Something hits you!
You die...

.## #...# ##+## #.....
##...## #......
##.....## .......
##....<..## ##.......
#.........####e.......
+.........'.@)........
#.........####).......
##.......## ##.##...#
##.....## #.. .#
##...## .#.. ##+## .
..# #. .# o# # #


You could see Dowan.

Vanquished Creatures
  A phantom (D:4)
  An ogre (D:4)
  A scorpion (D:4)
  An orc priest (D:5)
  3 hounds (D:4)
  2 orc wizards
  A centaur skeleton (D:4)
  A bullfrog skeleton (D:4)
  Terence (D:2)
  4 worker ants
  Robin (D:2)
  6 adders
  3 oozes
  A worm (D:2)
  4 dart slugs
  3 leopard geckos
  11 orcs
  5 giant cockroaches
  18 goblins
  13 hobgoblins
  3 jackals (D:3)
  3 kobolds
  3 quokkas
  6 bats
  5 frilled lizards
  7 rats
108 creatures vanquished.

Notes
Turn   | Place    | Note
-------+----------+-------------------------------------------
     0 | D:1      | theclanless the Vine Stalker Enchanter began the quest for the Orb.
     0 | D:1      | Reached XP level 1. HP: 9/9 MP: 4/4
    27 | D:1      | Reached skill level 1 in Short Blades
   136 | D:1      | Reached XP level 2. HP: 13/13 MP: 6/6
   629 | D:1      | Reached XP level 3. HP: 15/17 MP: 5/7
   633 | D:1      | Learned a level 2 spell: Ensorcelled Hibernation
   637 | D:1      | Learned a level 3 spell: Dazzling Spray
  1096 | D:2      | Reached skill level 4 in Stealth
  1154 | D:2      | Gained mutation: Your natural rate of healing is unusually fast. [Vine Stalker growth]
  1154 | D:2      | Reached XP level 4. HP: 4/21 MP: 8/8
  1190 | D:2      | Noticed Robin
  1203 | D:2      | Killed Robin
  1203 | D:2      | Reached skill level 1 in Fighting
  1206 | D:2      | Got a scorched helmet
  1212 | D:2      | Identified the +0 helmet of Fashionability {rN+ rCorr} (You took it off Robin on level 2 of the Dungeon)
  1431 | D:2      | Noticed Terence
  1444 | D:2      | Killed Terence
  1785 | D:3      | Reached XP level 5. HP: 25/25 MP: 10/10
  1847 | D:3      | Learned a level 3 spell: Confuse
  2203 | D:3      | Found a deep blue altar of Sif Muna.
  2370 | D:4      | Reached XP level 6. HP: 30/30 MP: 11/11
  2393 | D:4      | Noticed a phantom
  2432 | D:4      | HP: 1/30 [phantom (10)]
  2449 | D:4      | Killed a phantom
  2518 | D:4      | Reached XP level 7. HP: 22/35 MP: 11/13
  2533 | D:4      | Reached skill level 5 in Stealth
  2914 | D:4      | Learned a level 3 spell: Tukima's Dance
  2926 | D:5      | Entered Level 5 of the Dungeon
  2935 | D:5      | Noticed Dowan
  2937 | D:5      | Noticed Duvessa
  2980 | D:5      | Slain by Duvessa

Vault maps used:
D:1:      wheals_arrival_shading
D:2:      first_bread, uniq_robin, uniq_terence
D:3:      led_sif_pool
D:5:      kiku_gazebo_pond_becter, evilmike_ruin_ashenzari, uniq_duvessa

Skill      XL: |  1  2  3  4  5  6  7 |
---------------+----------------------+-----
Short Blades   | 1 2 3 4 |  4.1
Stealth        | 4 5 |  5.4
Dodging        | 2 3 |  3.0
Fighting       | 1 2 |  2.5
Spellcasting   | 3 |  3.8
Hexes          | 4 |  4.2

Action                   |  1- 3 |  4- 6 |  7- 9 || total
-------------------------+-------+-------+-------++-------
Melee: Dagger            |    80 |   149 |    85 ||   314
       Bite              |    17 |    36 |    23 ||    76
 Cast: Ensorcelled Hiber |     2 |     3 |     4 ||     9
       Dazzling Spray    |       |     1 |     1 ||     2
       Confuse           |       |     5 |     1 ||     6
       Tukima's Dance    |       |       |     1 ||     1
  Use: Scroll            |     4 |     3 |     3 ||    10
       Potion            |     1 |     3 |       ||     4
 Stab: Sleeping          |    16 |    11 |     5 ||    32
  Eat: Chunk             |     1 |     5 |     2 ||     8
Armor: Robe              |    11 |    26 |    11 ||    48
Dodge: Dodged            |    29 |   108 |    25 ||   162

Table legend:
 A = Spawn XP
 B = Non-spawn XP
 C = Spawn XP percentage of total XP
 D = Spawn monster count
 E = Non-spawn monster count
 F = Spawn count percentage of total count
 G = Total turns spent on level
                    A         B        C        D         E        F      G
               +---------+---------+-------+---------+---------+-------+---------
         Total |       0 |    1103 |   0.0 |       0 |     108 |   0.0 |  2980
               +---------+---------+-------+---------+---------+-------+---------
           D:1 |       0 |      37 |   0.0 |       0 |      18 |   0.0 |   869
           D:2 |       0 |     117 |   0.0 |       0 |      32 |   0.0 |   770
           D:3 |       0 |      75 |   0.0 |       0 |      23 |   0.0 |   580
           D:4 |       0 |     739 |   0.0 |       0 |      28 |   0.0 |   707
           D:5 |       0 |     135 |   0.0 |       0 |       7 |   0.0 |    54
               +---------+---------+-------+---------+---------+-------+---------
